 Dungeon Crawl Stone Soup version 0.24-a0-73-g81bb1ad (webtiles) character file.

Game seed: 17073197644049616748

64 robertstho the Gusty (level 3, -2/19 HPs)
             Began as a Deep Elf Air Elementalist on Feb 7, 2019.
             Killed from afar by Ijyb (8 damage)
             ... with a wand of flame (11)
             ... on level 3 of the Dungeon.
             The game lasted 00:05:51 (1907 turns).

robertstho the Gusty (Deep Elf Air Elementalist)    Turns: 1907, Time: 00:05:52

Health: -2/19      AC:  4    Str:  4 (5)  XL:     3   Next: 91%
Magic:  8/10       EV: 13    Int: 18 (20) God:
Gold:   87         SH:  0    Dex: 14 (15) Spells: 4/10 levels left

rFire    . . .     SeeInvis .   g - +0 short sword (elec)
rCold    . . .     Gourm    .   (no shield)
rNeg     . . .     Faith    .   a - +0 robe
rPois    .         Spirit   .   f - +2 hat
rElec    .         Reflect  .   (no cloak)
rCorr    .         Harm     .   (no gloves)
MR       .....                  (no boots)
Stlth    ++........             (no amulet)
HPRegen  0.06/turn              (no ring)
MPRegen  0.12/turn              (no ring)

@: no status effects
A: no striking features
a: no special abilities


You were on level 3 of the Dungeon.
You were not hungry.

You visited 1 branch of the dungeon, and saw 3 of its levels.

You collected 87 gold pieces.

Inventory:

Hand Weapons
 g - a +0 short sword of electrocution (weapon)
Armour
 a - a +0 robe (worn)
 f - a +2 hat (worn)
Scrolls
 e - a scroll of enchant armour {unknown}
 h - a scroll of fog {unknown}
 j - a scroll of amnesia {unknown}
 o - a scroll of identify {unknown}
Potions
 b - 2 potions of degeneration
 d - a potion of heal wounds {unknown}
 k - 2 potions of berserk rage {unknown}
 l - a potion of cancellation {unknown}
 m - a potion of resistance {unknown}
 n - a potion of curing {unknown}
Comestibles
 c - 4 rations
 i - 5 chunks of flesh


   Skills:
 + Level 2.5 Dodging
 + Level 2.5 Stealth
 + Level 4.0 Spellcasting
 + Level 1.6 Conjurations
 + Level 4.1 Air Magic


You had 4 spell levels left.
You knew the following spells:

 Your Spells              Type           Power        Failure   Level  Hunger
a - Shock                 Conj/Air       ##..         4%          1    None
b - Swiftness             Chrm/Air       ##......     10%         2    ##.....
c - Static Discharge      Conj/Air       ##......     14%         3    ###....

Your spell library contained the following spells:

 Spells                   Type           Power        Failure   Level  Hunger
 Airstrike                Air            ###.......   26%         4    ####...
 Lightning Bolt           Conj/Air       ##........   77%         5    ######.


Dungeon Overview and Level Annotations

Branches:
Dungeon (3/15)

Altars:

Annotations:
D:3 Ijyb


Message History

Ijyb is too close now for your liking.
Casting: Shock (safe; 4% risk of failure)
Confirm with . or Enter, or press ? or * to list all spells.
Aiming: Shock (safe; 4% risk of failure)
Press: ? - help, Shift-Dir - straight line The zap hits Ijyb but does no damage.
The zap hits Ijyb.
Ijyb is lightly wounded.
Casting: Shock (safe; 4% risk of failure)
Confirm with . or Enter, or press ? or * to list all spells.
Aiming: Shock (safe; 4% risk of failure)
Press: ? - help, Shift-Dir - straight line The zap hits Ijyb but does no damage.
Ijyb is lightly wounded.
Ijyb zaps a wand.
The puff of flame hits you!
Ouch! That really hurt!
It was a potion of degeneration.
There was something very wrong with that liquid.
You feel weakened.
You feel dopey.
You feel clumsy.
Ijyb zaps a wand.
The puff of flame hits you!
You die...

###
..# #
#.#
#.##.#
#..@.#
####<#
#g#
...
##.#.
#.#..
#.. ..
###
.## #


You could see Ijyb.

Vanquished Creatures
  2 adders (D:2)
  An ooze (D:2)
  A worm (D:2)
  A leopard gecko (D:1)
  A ball python (D:2)
  5 giant cockroaches
  A goblin (D:2)
  3 hobgoblins
  2 jackals (D:1)
  5 kobolds
  A quokka (D:2)
  6 bats
  3 frilled lizards
  7 rats
39 creatures vanquished.

Notes
Turn   | Place    | Note
-------+----------+-------------------------------------------
     0 | D:1      | robertstho the Deep Elf Air Elementalist began the quest
                  | for the Orb.
     0 | D:1      | Reached XP level 1. HP: 10/10 MP: 6/6
   163 | D:1      | Reached XP level 2. HP: 15/15 MP: 4/8
   774 | D:1      | Learned a level 2 spell: Swiftness
  1324 | D:2      | Reached XP level 3. HP: 19/19 MP: 7/10
  1329 | D:2      | Learned a level 3 spell: Static Discharge
  1885 | D:3      | Noticed Ijyb
  1907 | D:3      | Killed from afar by Ijyb

Vault maps used:
D:1:      kilobyte_arrival_exit_the_forest, layout_basic
D:2:      layout_basic
D:3:      layout_loops_cross, first_ration, nemelex_lonely_heart_becter,
          uniq_ijyb

Skill      XL: |  1  2  3 |
---------------+----------+-----
Air Magic      | 4 |  4.1
Spellcasting   | 4 |  4.0
Dodging        | |  2.5
Stealth        | |  2.5
Conjurations   | |  1.6

Action                   || total
-------------------------++-------
Melee: Short sword       ||     7
 Cast: Shock             ||    82
       Static Discharge  ||     2
  Use: Potion            ||     1
 Stab: Sleeping          ||     1
  Eat: Chunk             ||     3
Armor: Robe              ||     3
Dodge: Dodged            ||    12

Table legend:
 A = Non-vault XP
 B = Vault XP
 C = Vault XP percentage of total XP
 D = Non-vault monster count
 E = Vault monster count
 F = Vault count percentage of total count
                 A         B        C        D         E       F
            +---------+---------+-------+---------+---------+-------
      Total |      92 |       0 |   0.0 |      39 |       0 |   0.0
            +---------+---------+-------+---------+---------+-------
        D:1 |      27 |       0 |   0.0 |      17 |       0 |   0.0
        D:2 |      64 |       0 |   0.0 |      21 |       0 |   0.0
        D:3 |       1 |       0 |   0.0 |       1 |       0 |   0.0
            +---------+---------+-------+---------+---------+-------
